[Event "Betsys MČR v online bleskovém šachu 2021"]
[Site "Chess.com"]
[Date "2021.04.17"]
[Round "12"]
[White "Skalicky"]
[Black "pudltomik"]
[Result "0-1"]
[WhiteElo "670"]
[BlackElo "774"]
[TimeControl "180+1"]
[EndTime "11:01:13 PDT"]
[Termination "Uživatel pudltomik zvítězil na čas"]

1. d4 d5 2. c4 Bf5 3. cxd5 Qxd5 4. Nc3 Qa5 5. Bd2 Nc6 6. e3 Nb4 7. e4 Bg6 8. a3 Nc6 9. Nf3 O-O-O 10. d5 Nb8 11. Be2 f5 12. exf5 Bxf5 13. O-O Qb6 14. Be3 Qd6 15. Nd4 Bg6 16. Ndb5 Qf6 17. Nxa7+ Kd7 18.
Nab5 e5 19. Bg4+ Bf5 20. Bxf5+ Qxf5 21. Qf3 Qxf3 22. gxf3 Be7 23. f4 exf4 24. Bxf4 Ke8 25. Bxc7 Rc8 26. Bxb8 Rxb8 27. Rae1 g6 28. d6 Kd7 29.
dxe7 Nxe7 30. Rd1+ Ke8 31. Rd3 Rf8 32. Rfd1 Kf7 33.
Nd6+ Kg8 34. Rd4 Rbd8 35. Nde4 Rxd4 36. Rxd4 Nc6 37. Nd6 Nxd4 38. Nxb7 Nc2 39. Kg2 Rf5 40. Nd6 Rg5+ 41. Kf3 Ne1+ 0-1

[Event "Betsys MČR v online bleskovém šachu 2021"]
[Site "Chess.com"]
[Date "2021.04.17"]
[Round "12"]
[White "reflexia64"]
[Black "Akdub"]
[Result "1-0"]
[WhiteElo "2288"]
[BlackElo "2098"]
[TimeControl "180+1"]
[EndTime "11:01:15 PDT"]
[Termination "Uživatel reflexia64 zvítězil po vzdání soupeře"]

1. b3 Nf6 2. Bb2 d5 3. g3 c5 4. Bg2 Nc6 5. e3 Bg4 6. f3 Bd7 7. Ne2 e5 8. O-O Bd6 9. f4 O-O 10. Nbc3 d4 11. Nb5 Bb8 12. a4 exf4 13. Nxf4 dxe3 14.
dxe3 Qe7 15. Bxf6 gxf6 16. Qd2 Be5 17. Rae1 Rad8 18. Nd5 Qe6 19. c4 Bc8 20. Nbc3 Nb4 21. Ne4 b6 22. Qe2 f5 23. Ng5 Qh6 24. Nh3 Nxd5 25. cxd5 Rfe8 26. Qf3 Bc3 27. Nf4 Bxe1 28. Rxe1 Kh8 29. Bf1 Qf6 30. Bc4 Qc3 31. Re2 Qc1+ 32. Kg2 a6 33. Qh5 Qd1 34. Qxf7 Rf8 35. Qc7 Bd7 36. Qe5+ Kg8 37. d6+ Rf7 38. Bxf7+ Kxf7 39. Qe7+ Kg8 40. Qxd8+ 1-0

[Event "Betsys MČR v online bleskovém šachu 2021"]
[Site "Chess.com"]
[Date "2021.04.17"]
[Round "12"]
[White "horalek"]
[Black "kominekmart"]
[Result "1-0"]
[WhiteElo "1343"]
[BlackElo "1534"]
[TimeControl "180+1"]
[EndTime "11:01:16 PDT"]
[Termination "Uživatel horalek zvítězil matem"]

1. e4 d6 2. Nf3 Nf6 3. Bc4 g6 4. O-O Bg7 5. d3 O-O 6. Nc3 c6 7. Bg5 b5 8. Bb3 e5 9. Qd2 a5 10. a3 Nbd7 11. Bh6 Ng4 12. Bxg7 Nc5 13. Bxf8 Nxb3 14.
cxb3 Qxf8 15. h3 Nh6 16. Ne2 f5 17. exf5 Bxf5 18. Rac1 Bd7 19. Ng3 Qe7 20. Qxh6 Rf8 21. Ng5 Rf5 22. h4 Rf4 23. N3e4 Rg4 24. g3 d5 25. f3 dxe4 26. fxg4 Bxg4 27. Nxe4 Bf5 28.
Qg5 Qe6 29. Qd8+ Kg7 30. Ng5 Qxb3 31. Qe7+ Kg8 32. Qxh7+ Kf8 33. Qh8+ Ke7 34. Qg7+ Kd8 35. Qf8+ Kc7 36. Qc5 Bd7 37. Ne6+ Kb7 38. Nd8+ Ka6 39. Nxc6 Qxd3 40. Qa7# 1-0

[Event "Betsys MČR v online bleskovém šachu 2021"]
[Site "Chess.com"]
[Date "2021.04.17"]
[Round "12"]
[White "Herracek"]
[Black "FormerProdigy"]
[Result "0-1"]
[WhiteElo "2610"]
[BlackElo "2874"]
[TimeControl "180+1"]
[EndTime "11:01:18 PDT"]
[Termination "Uživatel FormerProdigy zvítězil po vzdání soupeře"]

1. c4 e5 2. g3 c6 3. Nf3 e4 4. Nd4 Nf6 5. Nc3 Qb6 6. Nc2 d5 7. Bg2 dxc4 8. Ne3 Be6 9. Qc2 Nbd7 10. Nxe4 Nxe4 11. Qxe4 Nf6 12. Qf4 Nd5 13. Qe5 Qc7 14.
Qxc7 Nxc7 15. O-O Bc5 16. Rd1 O-O-O 17. d3 cxd3 18. exd3 Nb5 19. Bd2 Rxd3 20. Bf1 Rd6 21.
Rac1 Nd4 22. Kg2 Bb6 23. Bb4 Rd7 24. a4 a5 25. Bc3 Rhd8 26. Bc4 Kc7 27. Bxd4 Rxd4 28.
Bxe6 Rxd1 29. Rxd1 Rxd1 30. Nxd1 fxe6 31. Kf3 Bd4 32.
Ke4 c5 33. h4 Kc6 34. b3 b5 35. g4 h6 36. f4 g6 37. h5 gxh5 38. gxh5 bxa4 39. bxa4 Kd6 40. f5 e5 41. f6 Ke6 42.
Ne3 Bxe3 43. f7 Kxf7 0-1

[Event "Betsys MČR v online bleskovém šachu 2021"]
[Site "Chess.com"]
[Date "2021.04.17"]
[Round "12"]
[White "Listro33"]
[Black "Tretrik"]
[Result "0-1"]
[WhiteElo "1864"]
[BlackElo "2095"]
[TimeControl "180+1"]
[EndTime "11:01:18 PDT"]
[Termination "Uživatel Tretrik zvítězil na čas"]

1. d4 g6 2. Bf4 Bg7 3. e3 d6 4.
Nf3 f5 5. Bc4 Nf6 6. Nbd2 e6 7.
Ng5 Qe7 8. c3 h6 9. Ngf3 Nc6 10.
h3 Bd7 11. a4 Nd8 12. Qb3 Rb8 13. a5 Nf7 14. a6 b5 15. Ra5 O-O 16. Bd3 Kh7 17.
Qa3 Nd5 18. Bh2 b4 19. cxb4 Nxb4 20. Bb1 Bc6 21. O-O Ba8 22. Rc1 Kh8 23. Ra4 Nd5 24. Rac4 Rbc8 25. e4 Nb6 26. R4c3 Ng5 27. e5 dxe5 28.
Qxe7 Nd5 29. Qd7 e4 30. Nxg5 hxg5 31. Rc6 Bxc6 32. Rxc6 Nb6 33. Qxe6 Rce8 34. Qxg6 e3 35. Be5 Rxe5 36. dxe5 exd2 37. Bc2 Rd8 38. Bd1 Nd5 0-1

[Event "Betsys MČR v online bleskovém šachu 2021"]
[Site "Chess.com"]
[Date "2021.04.17"]
[Round "12"]
[White "FMD-MP"]
[Black "iDarkTraveler"]
[Result "0-1"]
[WhiteElo "1714"]
[BlackElo "1948"]
[TimeControl "180+1"]
[EndTime "11:01:19 PDT"]
[Termination "Uživatel iDarkTraveler zvítězil matem"]

1. c4 g6 2. Nc3 Bg7 3. g3 Nf6 4.
Bg2 O-O 5. d3 d6 6. e4 e5 7.
Nge2 c5 8. O-O Nc6 9. h3 Nd4 10. Kh2 Be6 11. f4 Qd7 12. Nd5 Nxe2 13. Qxe2 Bxd5 14.
cxd5 exf4 15. Bxf4 Rae8 16. Qd2 Nh5 17. Bh6 Be5 18.
Bxf8 Bxg3+ 19. Kg1 Rxf8 20. Rf3 Be5 21. Raf1 Qa4 22. b4 Qxb4 23. Qxb4 cxb4 24. Rd1 Rc8 25. d4 Bf4 26. Rb3 a5 27. Bf3 Nf6 28. Re1 Rc2 29. e5 dxe5 30. dxe5 Nd7 31. e6 fxe6 32. dxe6 Ne5 33.
a3 Kf8 34. axb4 axb4 35. Rxb4 Nxf3+ 36. Kf1 Nxe1 37. Rxf4+ Ke7 38. Kxe1 Kxe6 39. Rh4 h5 40. Rb4 Rc7 41. Kf2 Kf6 42. Kg3 Kg5 43. h4+ Kh6 44. Kf4 Rf7+ 45. Kg3 Rc7 46. Kf4 Kg7 47. Rb5 Rc4+ 48.
Kg5 Rg4# 0-1

[Event "Betsys MČR v online bleskovém šachu 2021"]
[Site "Chess.com"]
[Date "2021.04.17"]
[Round "12"]
[White "Zelezny1984"]
[Black "tiger196223"]
[Result "1-0"]
[WhiteElo "2062"]
[BlackElo "1835"]
[TimeControl "180+1"]
[EndTime "11:01:20 PDT"]
[Termination "Uživatel Zelezny1984 zvítězil na čas"]

1. e4 e6 2. d4 d5 3. Nd2 dxe4 4. Nxe4 Nd7 5. Nf3 Be7 6. Bd3 Ngf6 7. O-O O-O 8. Ne5 Nxe4 9. Bxe4 Nxe5 10. dxe5 Qxd1 11. Rxd1 Rd8 12. Be3 Rxd1+ 13. Rxd1 Kf8 14. Bxh7 g6 15.
Bh6+ Ke8 16. g3 b6 17. h4 Bb7 18.
Bg7 Bf8 19. Bf6 Be7 20. f4 Bxf6 21. exf6 Bf3 22. Rd3 Bg4 23. Kf2 Rd8 24. Ke3 Rxd3+ 25. cxd3 Kd7 26. Kd4 c5+ 27. Ke5 Be2 28. d4 cxd4 29. Kxd4 a5 30. Ke5 a4 31. b3 a3 32. Bg8 Ke8 33. Kd6 Bd3 34. g4 Bb1 35. h5 Bxa2 36. hxg6 Bxb3 37. Bxf7+ Kf8 38. Bxe6 Bxe6 39.
Kxe6 a2 40. g7+ Kg8 41. Ke7 1-0

[Event "Betsys MČR v online bleskovém šachu 2021"]
[Site "Chess.com"]
[Date "2021.04.17"]
[Round "12"]
[White "AdaTra"]
[Black "adiklan"]
[Result "0-1"]
[WhiteElo "1657"]
[BlackElo "1894"]
[TimeControl "180+1"]
[EndTime "11:01:20 PDT"]
[Termination "Uživatel adiklan zvítězil na čas"]

1. d4 d5 2. Bf4 e6 3. e3 Bd6 4. Bg3 Nf6 5. Nf3 O-O 6. Bd3 c6 7. Nbd2 Qc7 8. Ne5 Nbd7 9. f4 c5 10. c3 Ne8 11. Qg4 Nb6 12. Qh4 g6 13. Ndf3 f5 14.
Ng5 Nf6 15. O-O Ng4 16. Nxg4 fxg4 17. Rf2 Nc4 18. Bxc4 dxc4 19. Ne4 Be7 20. Qh6 cxd4 21. exd4 Bf6 22. Raf1 Bg7 23. Qg5 Qd8 24. Qxg4 e5 25.
Qe2 exd4 26. cxd4 Qxd4 27. Kh1 Bf5 28. Ng5 Rae8 29. Qd1 Qxd1 30. Rxd1 Bg4 31. Rc1 h5 32. h3 Bf5 33. Rxc4 Re1+ 34. Kh2 Re3 35. Rd2 h4 36.
Bf2 Re7 37. Bxh4 Bf6 0-1

[Event "Betsys MČR v online bleskovém šachu 2021"]
[Site "Chess.com"]
[Date "2021.04.17"]
[Round "12"]
[White "svobodan"]
[Black "PaulS_CR"]
[Result "0-1"]
[WhiteElo "1639"]
[BlackElo "1830"]
[TimeControl "180+1"]
[EndTime "11:01:20 PDT"]
[Termination "Uživatel PaulS_CR zvítězil matem"]

1. e4 e6 2. d4 d5 3. Nc3 Bb4 4. e5 c5 5. a3 Ba5 6. b4 cxd4 7. Nb5 Bc7 8. Nxc7+ Qxc7 9. Nf3 Nc6 10. Bd3 Nxe5 11. Nxd4 Qc3+ 12. Bd2 Nxd3+ 13. cxd3 Qxd4 14. O-O Nf6 15. Be3 Qg4 16. Qa4+ Bd7 17. Qb3 O-O 18. Bc5 Rfe8 19.
Rae1 b6 20. Be3 d4 21. Bd2 Bc6 22. f3 Qg6 23. Re5 h6 24. b5 Bd5 25. Qb1 Nd7 26. Ree1 Nc5 27. Qa1 Qxd3 28. Rd1 Nb3 29. Qb2 Nxd2 30.
Rxd2 Qc3 31. Rfd1 Qxb2 32. Rxb2 e5 33. f4 f6 34. Kf2 Rac8 35. Rbd2 Rc3 36. Rd3 Rxd3 37. Rxd3 Kf7 38. Kg3 Ke6 39. Kh4 g5+ 40.
Kg3 gxf4+ 41. Kf2 Rg8 42. Rh3 Rxg2+ 43. Kf1 Rg6 44. a4 Bg2+ 45. Ke1 Bxh3 46. a5 Rg2 47. axb6 axb6 48. Kf1 Rb2+ 49. Kg1 Bf5 50. Kf1 f3 51. Ke1 e4 52. Kf1 e3 53. Kg1 Rb1# 0-1

[Event "Betsys MČR v online bleskovém šachu 2021"]
[Site "Chess.com"]
[Date "2021.04.17"]
[Round "12"]
[White "marosino"]
[Black "p_kana"]
[Result "1-0"]
[WhiteElo "1592"]
[BlackElo "1770"]
[TimeControl "180+1"]
[EndTime "11:01:20 PDT"]
[Termination "Uživatel marosino zvítězil na čas"]

1. b3 b6 2. Bb2 Bb7 3. Nf3 e6 4. g3 Nf6 5. Bg2 Be7 6. O-O O-O 7. c4 c5 8. e3 d6 9. d4 cxd4 10. exd4 d5 11. Nbd2 Nc6 12. a3 Rc8 13. Re1 Qd7 14. Ne5 Qc7 15. Ndf3 dxc4 16. bxc4 Rfd8 17. Nxc6 Qxc6 18.
Nh4 Qc7 19. Rc1 Bxg2 20. Nxg2 Qc6 21. Ne3 Rd7 22. Qb3 Qf3 23. Qd1 Qxd1 24. Rexd1 Ne4 25. d5 exd5 26. cxd5 Rxc1 27. Rxc1 Bc5 28. Rd1 g6 29. Kf1 f5 30. Ke2 Kf8 31. f3 Nd6 32. f4 Bxe3 33.
Kxe3 Nc4+ 34. Kd4 Nxb2 35. Rd2 Na4 36. Ke5 Ke7 37. d6+ Kf7 38. Rc2 Nc5 39. Kd5 Ne4 40. Kc6 Ke6 41. a4 Nxd6 42. Rd2 Rd8 43. Re2+ Ne4 44.
Kb7 Rd7+ 45. Ka6 Ke7 46. a5 1-0

[Event "Betsys MČR v online bleskovém šachu 2021"]
[Site "Chess.com"]
[Date "2021.04.17"]
[Round "12"]
[White "Svandik49"]
[Black "petr812"]
[Result "1-0"]
[WhiteElo "2263"]
[BlackElo "2116"]
[TimeControl "180+1"]
[EndTime "11:01:21 PDT"]
[Termination "Uživatel Svandik49 zvítězil na čas"]

1. e4 e6 2. d3 d5 3. Nd2 dxe4 4. dxe4 Nf6 5. Ngf3 Bc5 6. h3 O-O 7. g3 Nc6 8. Bg2 Bd7 9. O-O Qe7 10. c3 Rad8 11. Qc2 e5 12. Nc4 a6 13. Be3 b5 14.
Bxc5 Qxc5 15. Ne3 b4 16. cxb4 Qxb4 17. Nd5 Nxd5 18. exd5 Ne7 19. Nxe5 Bf5 20. Qb3 Qxb3 21. axb3 Rd6 22. Nc6 Nxd5 23. Bxd5 Bxh3 24. Bg2 Bxg2 25. Ne7+ Kh8 26. Kxg2 Re8 27. Rfe1 Rb8 28. Nf5 Rd5 29. Ne3 Rd6 30. Nc4 Rc6 31. Ra5 g5 32. Rxg5 h6 33. Rf5 Rxb3 34. Rxf7 Rb8 35. Ne5 Re6 36. Nd7 Rxe1 37.
Nxb8 Rb1 38. Nxa6 Rxb2 39. Rxc7 Rb6 40. Nc5 Rf6 41. Nd3 Rg6 42. Nf4 Rf6 43. Kh3 h5 44. Kh4 Rf5 45. Rd7 Kg8 46. Rd5 Rf7 47. Rg5+ Kf8 48.
Rxh5 Kg7 49. Rg5+ Kh7 50. Kg4 Kh6 51. Rg6+ Kh7 52. Kg5 Rb7 53. Rf6 Rb5+ 54. Rf5 1-0

[Event "Betsys MČR v online bleskovém šachu 2021"]
[Site "Chess.com"]
[Date "2021.04.17"]
[Round "12"]
[White "avsokol"]
[Black "florenc1330"]
[Result "1-0"]
[WhiteElo "2356"]
[BlackElo "2114"]
[TimeControl "180+1"]
[EndTime "11:01:23 PDT"]
[Termination "Uživatel avsokol zvítězil na čas"]

1. e4 d5 2. exd5 Qxd5 3. Nc3 Qa5 4. d4 Nf6 5. Nf3 Bg4 6. h3 Bh5 7. g4 Bg6 8. Ne5 e6 9. Bg2 c6 10. Nc4 Qa6 11. Bf1 b5 12. Ne5 Nbd7 13. a4 Bb4 14.
Bd2 Qb7 15. Bg2 Bxc3 16. Bxc3 Be4 17. Bxe4 Nxe4 18. Qf3 Ndf6 19. axb5 Qxb5 20. Ra5 Qb6 21. Nc4 Qc7 22. Bb4 c5 23. Bxc5 Rd8 24. Rxa7 Qc6 25. Re7+ Kf8 26. Rc7+ Nxc5 27. Rxc6 Nce4 28. c3 h6 29. O-O h5 30. Ne5 hxg4 31. Nxg4 Ng5 32. Qg3 Nxh3+ 33. Kg2 Ne4 34. Qxh3 Rxh3 35. Kxh3 Ke7 36.
Ne5 Rh8+ 37. Kg2 f6 38. Nf3 g5 39. Ra1 Kd7 40. Rb6 g4 41. Ra7+ Kc8 42. Ne1 1-0

[Event "Betsys MČR v online bleskovém šachu 2021"]
[Site "Chess.com"]
[Date "2021.04.17"]
[Round "12"]
[White "vasekpaulus"]
[Black "trosecnik"]
[Result "1-0"]
[WhiteElo "2054"]
[BlackElo "1825"]
[TimeControl "180+1"]
[EndTime "11:01:24 PDT"]
[Termination "Uživatel vasekpaulus zvítězil po vzdání soupeře"]

1. e4 c5 2. Nf3 Nc6 3. d4 cxd4 4.
Nxd4 Nf6 5. Nc3 e6 6. Be3 Bb4 7. Bd3 d5 8. exd5 Nxd5 9. Nxc6 bxc6 10. Bd2 Nxc3 11. bxc3 Bd6 12. Qg4 Qf6 13. O-O e5 14. Qe2 O-O 15. Rad1 Re8 16. Kh1 Bb7 17. Be4 Rab8 18.
Bg5 Qxg5 19. Rxd6 c5 20. Bxb7 Rxb7 21. f4 Qe7 22. fxe5 g6 23. Rd5 Rd7 24. c4 Rxd5 25.
cxd5 Qxe5 26. Qxe5 Rxe5 27. c4 Re4 28. Rd1 Kf8 29. Rc1 Ke7 30. Kg1 Re2 31. Rb1 Rxa2 32. Rb7+ Kf6 33. Rb5 Ra1+ 34. Kf2 a5 35. Rxc5 a4 36.
Ra5 a3 37. c5 Rc1 38. c6 Ke7 39.
Rxa3 Kd6 40. Rd3 Rc2+ 41. Kf3 Rc5 42. g3 Rc2 43. h4 f5 44. Kf4 Rf2+ 45. Kg5 Rc2 46.
Kh6 Rc5 47. Kxh7 f4 48. gxf4 Rc4 49. Kxg6 Rxf4 50. h5 Re4 51. h6 Re7 52. h7 Re3 1-0

[Event "Betsys MČR v online bleskovém šachu 2021"]
[Site "Chess.com"]
[Date "2021.04.17"]
[Round "12"]
[White "zdenav"]
[Black "kalcs"]
[Result "1-0"]
[WhiteElo "1870"]
[BlackElo "2062"]
[TimeControl "180+1"]
[EndTime "11:01:26 PDT"]
[Termination "Uživatel zdenav zvítězil na čas"]

1. e4 e5 2. Nf3 Nc6 3. Bc4 Bc5 4. O-O Nf6 5. d3 O-O 6. Nbd2 a6 7. a3 h6 8. c3 d5 9. Ba2 Re8 10. Re1 Bg4 11.
h3 Bh5 12. Qe2 dxe4 13. dxe4 Qe7 14. b4 Bb6 15. Nc4 Ba7 16. Bb1 Rad8 17. Be3 Bxe3 18. Nxe3 Bg6 19. Nf1 Rd7 20. Bc2 Red8 21. Ng3 Qe6 22.
Rad1 Nh5 23. Nxh5 Bxh5 24. Rxd7 Rxd7 25. Rd1 Rxd1+ 26. Qxd1 Qd6 27. Qxd6 cxd6 28. Nd2 Be2 29. f3 Kf8 30. Kf2 Bb5 31. c4 Nd4 32. Bd1 Bd7 33.
a4 Ke7 34. b5 axb5 35. axb5 b6 36. Ke3 Ne6 37. g3 Nc5 38. h4 f5 39. Bc2 g6 40. exf5 gxf5 41. f4 Kf6 42. Bb1 Be6 43. Bd3 Na4 44. Be2 1-0

[Event "Betsys MČR v online bleskovém šachu 2021"]
[Site "Chess.com"]
[Date "2021.04.17"]
[Round "12"]
[White "SamikGame"]
[Black "Bartusman"]
[Result "1-0"]
[WhiteElo "1722"]
[BlackElo "1963"]
[TimeControl "180+1"]
[EndTime "11:01:26 PDT"]
[Termination "Uživatel SamikGame zvítězil matem"]

1. e4 c5 2. c4 g6 3. Nc3 Nc6 4. g3 Bg7 5. Bg2 d6 6. d3 Nf6 7. Nge2 O-O 8. O-O a6 9. h3 Bd7 10. Be3 Rb8 11. a4 Nb4 12. f4 b5 13. axb5 axb5 14.
Nxb5 Bxb5 15. cxb5 Qb6 16. Nc3 Nd7 17. Qd2 Nf6 18.
e5 Ne8 19. d4 Nc7 20. Qf2 Nd3 21. dxc5 dxc5 22. Qe2 Rfd8 23. Rfd1 Nb4 24. Rxd8+ Rxd8 25. Qc4 Ne6 26. Qxb4 Rd3 27. Qe4 Rd7 28. Qc6 Qd8 29. Ra8 Nf8 30. Rxd8 Rxd8 31. Bd5 e6 32. Bc4 h5 33.
Bxc5 Nh7 34. Qb6 Rd2 35. Qb8+ Nf8 36. Bxf8 Bxf8 37. Ne4 Kg7 38. Nd6 Be7 39. Qc7 Kf8 40. b6 Rxb2 41. b7 Bxd6 42. Qxd6+ Kg7 43. b8=Q Rxb8 44. Qxb8 h4 45. Qe8 Kh6 46. Bxe6 fxe6 47. Qxe6 hxg3 48. Kg2 Kh5 49. Kxg3 g5 50. Qg4+ Kh6 51.
Qxg5+ Kh7 52. Kg4 Kh8 53. Kf5 Kh7 54. Kf6 Kh8 55. Kf7 Kh7 56. Qg7# 1-0

[Event "Betsys MČR v online bleskovém šachu 2021"]
[Site "Chess.com"]
[Date "2021.04.17"]
[Round "12"]
[White "Kokos3"]
[Black "Chessillusion213"]
[Result "0-1"]
[WhiteElo "1625"]
[BlackElo "2151"]
[TimeControl "180+1"]
[EndTime "11:01:29 PDT"]
[Termination "Uživatel Chessillusion213 zvítězil matem"]

1. e4 c5 2. Nf3 Nc6 3. d4 cxd4 4. Nxd4 g6 5. Nc3 Bg7 6. Be3 Nf6 7. f3 O-O 8. Qd2 d5 9. Nxc6 bxc6 10. exd5 Nxd5 11. Nxd5 cxd5 12. c3 e5 13. Be2 Re8 14. O-O Be6 15.
f4 d4 16. cxd4 exd4 17. Bf2 Qb6 18. b3 Rac8 19. Rac1 Bf5 20. Bd3 Bxd3 21. Qxd3 Qb4 22. Rc4 Rxc4 23. bxc4 Qc3 24. Rd1 Rc8 25. Bxd4 Qxd3 26.
Rxd3 Rd8 27. Rd1 Rxd4 28. Rc1 Rd6 29. Kf2 Kf8 30. Kf3 Ke7 31. g4 Kd7 32. h4 Rd2 33. Rb1 Kc7 34. Re1 Kd7 35. Rb1 Rb2 36. Rd1+ Ke8 37.
Re1+ Kf8 38. a4 Rb4 39. Rc1 Rxa4 40. c5 Ke8 41. c6 Kd8 42. c7+ Kc8 43. Re1 Rb4 44. Re7 Rb7 45. Rxf7 Rxc7 46. Rxc7+ Kxc7 47. f5 gxf5 48. gxf5 a5 49. Kf4 a4 50. Kg5 a3 51. f6 Bxf6+ 52. Kxf6 a2 53. Kg7 a1=Q+ 54.
Kxh7 Kd7 55. h5 Ke7 56. h6 Qb2 57. Kg8 Qg2+ 58. Kh8 Kf7 59. h7 Qg7# 0-1

[Event "Betsys MČR v online bleskovém šachu 2021"]
[Site "Chess.com"]
[Date "2021.04.17"]
[Round "12"]
[White "vit_rosenbaum"]
[Black "RadosC"]
[Result "0-1"]
[WhiteElo "2258"]
[BlackElo "2488"]
[TimeControl "180+1"]
[EndTime "11:01:31 PDT"]
[Termination "Uživatel RadosC zvítězil po vzdání soupeře"]

1. e4 c5 2. Nc3 Nc6 3. g3 g6 4. Bg2 Bg7 5. d3 d6 6. Be3 Rb8 7. Qd2 b5 8. Nge2 Nd4 9. O-O h5 10. f4 Nh6 11. h3 Bd7 12. Rae1 Qc8 13. Kh2 b4 14. Nd1 e5 15. c3 Nxe2 16. Rxe2 h4 17. g4 Bxg4 18. hxg4 Nxg4+ 19. Kg1 h3 20. Bf3 bxc3 21.
bxc3 Nxe3 22. Nxe3 exf4 23. Nd5 g5 24. d4 cxd4 25.
cxd4 O-O 26. e5 Re8 27. exd6 Qd7 28. Ne7+ Kf8 29. Bc6 Qxd6 30. Bxe8 Bxd4+ 31. Kh1 Rxe8 32. Rfe1 Rd8 33. Qa5 Bc5 34. Re5 Bb6 35. Qd5 Qa3 36. Qe4 Rd4 37. Qa8+ Bd8 38. Ng6+ Kg7 39. Nxf4 Rxf4 40.
R5e3 Qxa2 41. R1e2 Qa1+ 42. Kh2 Bb6 43. Kxh3 Bxe3 44.
Rxe3 Qf1+ 45. Kg3 Qf2+ 0-1

[Event "Betsys MČR v online bleskovém šachu 2021"]
[Site "Chess.com"]
[Date "2021.04.17"]
[Round "12"]
[White "Richter_Rudolf"]
[Black "Alesbar"]
[Result "1/2-1/2"]
[WhiteElo "1432"]
[BlackElo "1609"]
[TimeControl "180+1"]
[EndTime "11:01:32 PDT"]
[Termination "Remíza patem"]

1. d4 Nf6 2. c4 g6 3. Nc3 d5 4.
cxd5 Nxd5 5. e4 Nxc3 6. bxc3 Bg7 7. Nf3 O-O 8. Bc4 c5 9. Ba3 cxd4 10. cxd4 Qa5+ 11.
Qd2 Qxa3 12. O-O Nc6 13. Rab1 Rb8 14. e5 Qa5 15. Qxa5 Nxa5 16. Ba6 Bf5 17. Rb5 Bd3 18.
Rxa5 Bxa6 19. Rc1 Rfc8 20. Rxc8+ Rxc8 21. Rc5 Rxc5 22. dxc5 e6 23. Nd4 Bc4 24. c6 bxc6 25.
Nxc6 Bxa2 26. Nxa7 Bxe5 27. Nc6 Bc7 28. Ne7+ Kg7 29.
Nc6 Bd5 30. Nd4 Bb6 31. Ne2 h5 32. Nf4 Kf6 33. Nxd5+ exd5 34. Kf1 Kf5 35. f3 Ke5 36. Ke2 g5 37. Kd3 f5 38. g3 h4 39. gxh4 gxh4 40. h3 Kf4 41. Ke2 d4 42. Kf1 Kxf3 43. Kg1 d3+ 44. Kf1 d2 1/2-1/2

[Event "Betsys MČR v online bleskovém šachu 2021"]
[Site "Chess.com"]
[Date "2021.04.17"]
[Round "12"]
[White "adasmrazek"]
[Black "ZdenekRomanek"]
[Result "0-1"]
[WhiteElo "1330"]
[BlackElo "1567"]
[TimeControl "180+1"]
[EndTime "11:01:32 PDT"]
[Termination "Uživatel ZdenekRomanek zvítězil po vzdání soupeře"]

1. e4 e6 2. d4 d5 3. e5 c5 4. c3 Nc6 5. Nf3 Bd7 6. Be2 Qb6 7.
Be3 cxd4 8. cxd4 Qxb2 9. Nbd2 Qb6 10. Rb1 Qc7 11. O-O Nge7 12. Qb3 Rb8 13. Bb5 Nf5 14.
Bxc6 Bxc6 15. Rfc1 Nxe3 16. fxe3 Be7 17. Rc3 O-O 18.
Qc2 Rfc8 19. Nb3 f6 20. Nc5 Bxc5 21. Rxc5 Qd7 22. Qb3 h6 23. Rbc1 Kf7 24. Ra5 a6 25. Qb6 Qc7 26. Qxc7+ Rxc7 27. Rac5 Rbc8 28. Kf2 f5 29.
Nh4 g5 30. Nf3 Kg6 31. h4 g4 32. Nd2 h5 33. g3 Kf7 34. Nb3 Ke7 35. Na5 Kd7 36. Nxc6 Rxc6 37. Rxc6 Rxc6 38. Rxc6 Kxc6 39. Ke2 Kb5 40. Kd3 Kb4 41. e4 fxe4+ 42. Ke3 Ka3 43. Kf4 Kxa2 44. Kg5 e3 45. Kf6 e2 46. Kxe6 e1=Q 47.
Kf7 b5 48. e6 b4 49. e7 b3 50.
e8=Q Qxe8+ 51. Kxe8 b2 0-1

[Event "Betsys MČR v online bleskovém šachu 2021"]
[Site "Chess.com"]
[Date "2021.04.17"]
[Round "12"]
[White "Mitram64"]
[Black "martin1804"]
[Result "1-0"]
[WhiteElo "2102"]
[BlackElo "2205"]
[TimeControl "180+1"]
[EndTime "11:01:33 PDT"]
[Termination "Uživatel Mitram64 zvítězil matem"]

1. d4 Nf6 2. Nf3 g6 3. Bf4 Bg7 4. e3 d6 5. Be2 Nbd7 6. h3 O-O 7. O-O c5 8. c3 b6 9. Nbd2 Bb7 10. a4 a6 11. Qb3 cxd4 12. cxd4 Nd5 13. Bh2 a5 14.
Rfc1 Nb4 15. Rc3 e5 16. Rac1 Bd5 17. Bc4 exd4 18. exd4 Nf6 19. Bxd5 Nfxd5 20. Rc4 Re8 21. Qd1 Bh6 22. Rb1 Qf6 23. Qf1 Re7 24. Re1 Rae8 25. Rxe7 Qxe7 26. Rc1 Qd7 27. b3 Qf5 28. Re1 Rd8 29.
Nc4 Bf4 30. Bxf4 Qxf4 31. Qe2 Nf6 32. Nxb6 Re8 33. Qd1 Ne4 34. Nc4 Rc8 35. Nxa5 Nc3 36. Qd2 Qf5 37. Nc4 Ncd5 38. Nxd6 Qd7 39. Nxc8 Qxc8 40.
Rc1 Qf5 41. Rc5 Kg7 42. a5 Qb1+ 43. Kh2 Qxb3 44. Qe2 Qb1 45. Qe5+ f6 46. Qe8 Qf5 47. Qb8 Ne7 48. Qxb4 Qe4 49. Qe1 Kh6 50. Qxe4 f5 51. Qf4+ g5 52. Qxg5# 1-0

[Event "Betsys MČR v online bleskovém šachu 2021"]
[Site "Chess.com"]
[Date "2021.04.17"]
[Round "12"]
[White "KdybyNecoTakNic"]
[Black "kubaches123"]
[Result "0-1"]
[WhiteElo "2288"]
[BlackElo "2146"]
[TimeControl "180+1"]
[EndTime "11:01:37 PDT"]
[Termination "Uživatel kubaches123 zvítězil na čas"]

1. Nf3 Nf6 2. g3 d5 3. Bg2 e6 4.
O-O Be7 5. d3 O-O 6. Nbd2 c5 7. e4 Nc6 8. Qe2 Qc7 9. Re1 dxe4 10.
dxe4 Nd4 11. Nxd4 cxd4 12. e5 Nd5 13. Nb3 Bd7 14. Nxd4 Rac8 15. c3 a5 16. Qg4 Kh8 17. Bd2 a4 18. h4 a3 19. b3 b5 20. Rac1 Qa7 21. h5 h6 22. Be4 b4 23. c4 Qxd4 24. Be3 Nxe3 25. fxe3 Qxe5 26. Bb1 Bd6 27. Kg2 Bc6+ 28. Kh2 Qg5 29. Qh3 Rcd8 30. Rcd1 Be5 31. e4 Rxd1 32. Rxd1 Qe3 33. Qg2 Qg5 34. Qh3 Rd8 35.
Rxd8+ Qxd8 36. Qg2 Qg5 37. Qf3 Qd2+ 38. Kh3 Kg8 39.
Bd3 Qg5 40. Be2 f5 41. Qf2 Bxe4 42. c5 f4 43. g4 f3 44. Bc4 Kh7 45. Bxe6 Qc1 0-1

[Event "Betsys MČR v online bleskovém šachu 2021"]
[Site "Chess.com"]
[Date "2021.04.17"]
[Round "12"]
[White "8_olda_8"]
[Black "SanyH"]
[Result "0-1"]
[WhiteElo "1783"]
[BlackElo "1618"]
[TimeControl "180+1"]
[EndTime "11:01:39 PDT"]
[Termination "Uživatel SanyH zvítězil po vzdání soupeře"]

1. d4 d5 2. c4 c6 3. Nc3 e6 4. Nf3 Nf6 5. Bf4 Be7 6. e3 O-O 7. h3 Nbd7 8. Rc1 a6 9. cxd5 exd5 10. Bd3 Nb6 11. b3 Bd7 12. O-O Rc8 13. Ne5 Be6 14. a4 Nbd7 15. Nf3 Ne8 16. e4 dxe4 17. Nxe4 f5 18. Neg5 Bd5 19. Bc4 Ndf6 20. Ne6 Qd7 21. Nxf8 Kxf8 22. Ne5 Qd8 23. Bxd5 Nxd5 24. Qf3 Nef6 25.
Bg5 g6 26. Bh6+ Kg8 27. Rfe1 Bf8 28. Bxf8 Qxf8 29. Nc4 Ne4 30. Qd3 Qh6 31. f3 Nef6 32. Re5 Qxc1+ 33. Kh2 Qf4+ 34. g3 Qh6 35. f4 Ng4+ 36. Kg2 Nxe5 37. dxe5 Qf8 38. Nd6 Rc7 39. Qc4 Kg7 40. b4 Ne3+ 41. Kf3 Nxc4 42. Nxc4 Qxb4 43. Nd6 Qc3+ 44. Ke2 Qc2+ 45. Ke3 Qxa4 46. Ne8+ Kf8 47. Nxc7 Qa5 48. Ne6+ Ke7 49. Nd4 Qb6 50. Kd3 c5 51. Ne2 Qb3+ 52. Nc3 c4+ 53. Kd2 Qb2+ 54. Ke3 Qxc3+ 55.
Kf2 Qxg3+ 56. Kxg3 c3 57. Kh4 c2 58. Kg5 c1=Q 59. h4 Qg1+ 60. Kh6 Qh2 61. Kxh7 Qxh4+ 62. Kxg6 Qxf4 63. Kh5 Qxe5 0-1

[Event "Betsys MČR v online bleskovém šachu 2021"]
[Site "Chess.com"]
[Date "2021.04.17"]
[Round "12"]
[White "TomSedmihradsky"]
[Black "MaTpAt113"]
[Result "1-0"]
[WhiteElo "1394"]
[BlackElo "900"]
[TimeControl "180+1"]
[EndTime "11:01:40 PDT"]
[Termination "Uživatel TomSedmihradsky zvítězil na čas"]

1. d4 c6 2. e4 d5 3. e5 Bf5 4. f4 e6 5. Nf3 c5 6. Be3 Qb6 7. b3 Nc6 8. Nc3 Qb4 9. Qd2 O-O-O 10. a3 Qb6 11. Na4 Qc7 12. Nxc5 Nge7 13. Bd3 Bxd3 14.
Qxd3 Nf5 15. g4 Nxe3 16. Qxe3 Bxc5 17. dxc5 d4 18. Qd3 Ne7 19. b4 Nd5 20. Qd2 Ne3 21.
Kf2 Nxg4+ 22. Kg3 Nh6 23. Rad1 Nf5+ 24. Kf2 Nh6 25. h3 Nf5 26. Rhg1 Ne3 27. Rxg7 Nf5 28. Rgg1 Ne3 29. Ke2 Nxd1 30. Rxd1 Qd7 31. Qxd4 Qxd4 32. Rxd4 Rxd4 33. Nxd4 Rd8 34. Nf3 Rd5 35. c3 Kd7 36. Ng5 Ke7 37. Nxh7 Rd8 38. Nf6 Kf8 39. h4 Rc8 40. h5 b6 41. h6 bxc5 42. h7 Kg7 43.
Kf3 1-0